| TOP OF THE 1ST |
|
Midland RockHounds batting - Pitching for Chattanooga Lookouts : RHP Tim Weller
|
|
Pitching: RHP Tim Weller
|
|
|
Batting: RHB Tony Crespo
|
0-0: Ball 1-0: Called Strike 1-1: Fly out, F9 (Flyball, 9S, EV 79.4 MPH)
|
|
Batting: RHB Jonathan Gallup
|
0-0: Ball 1-0: Fly out, F8 (Flyball, 8RM, EV 92.5 MPH)
|
|
Batting: LHB Tom Raupp
|
0-0: Ball 1-0: Foul Ball, location: 2F 1-1: Foul Ball, location: 2F 1-2: Strikes out looking
|
| Top of the 1st over - 0 runs, 0 hits, 0 errors, 0 left on base; Midland 0 - Chattanooga 0 |
| BOTTOM OF THE 1ST |
|
Chattanooga Lookouts batting - Pitching for Midland RockHounds : LHP Katsumi Takaki
|
|
Pitching: LHP Katsumi Takaki
|
|
|
Batting: LHB Harris Vink
|
0-0: SINGLE (Groundball, 4MD, EV 107.5 MPH)
|
|
Batting: SHB Matt Urbani
|
0-0: Fielders Choice at 2nd, 6-4 (Groundball, 6, EV 105.6 MPH)
|
|
Batting: LHB Marshall Daul
|
0-0: Ball 1-0: Ball 2-0: Called Strike 2-1: Foul Ball, location: 2F 2-2: Strikes out swinging
|
|
Batting: RHB Michael McDonald
|
0-0: Called Strike Matt Urbani is caught stealing 2nd base 2-4
|
| Bottom of the 1st over - 0 runs, 1 hit, 0 errors, 0 left on base; Midland 0 - Chattanooga 0 |
| TOP OF THE 2ND |
|
Midland RockHounds batting - Pitching for Chattanooga Lookouts : RHP Tim Weller
|
|
Batting: RHB Travis Robinson
|
0-0: Foul Ball, location: 2F 0-1: Swinging Strike 0-2: Strikes out looking
|
|
Batting: RHB Matt Sherard
|
0-0: Ground out 6-3 (Groundball, 6MS, EV 90.0 MPH)
|
|
Batting: RHB Micah Roth
|
0-0: Ball 1-0: Ball 2-0: Ground out 5-3 (Groundball, 56S, EV 65.0 MPH)
|
| Top of the 2nd over - 0 runs, 0 hits, 0 errors, 0 left on base; Midland 0 - Chattanooga 0 |
| BOTTOM OF THE 2ND |
|
Chattanooga Lookouts batting - Pitching for Midland RockHounds : LHP Katsumi Takaki
|
|
Batting: RHB Michael McDonald
|
0-0: Called Strike 0-1: Fly out, F6 (Line Drive, 6, EV 66.9 MPH)
|
|
Batting: LHB Jon Ventura
|
0-0: Called Strike 0-1: SINGLE (Groundball, 56, EV 105.6 MPH)
|
|
Batting: RHB John Dew
|
0-0: Called Strike 0-1: Grounds into double play, 6-4-3 (Groundball, 6, EV 82.5 MPH)
|
| Bottom of the 2nd over - 0 runs, 1 hit, 0 errors, 0 left on base; Midland 0 - Chattanooga 0 |
| TOP OF THE 3RD |
|
Midland RockHounds batting - Pitching for Chattanooga Lookouts : RHP Tim Weller
|
|
Batting: RHB Manny Moron
|
0-0: Ball 1-0: Called Strike 1-1: Foul Ball, location: 2F 1-2: Strikes out swinging
|
|
Batting: RHB Gojko Golob
|
0-0: Ball 1-0: Ball 2-0: Ball 3-0: Called Strike 3-1: Foul Ball, location: 2F 3-2: Strikes out swinging
|
|
Batting: RHB Moses Brokken
|
0-0: Called Strike 0-1: Swinging Strike 0-2: Foul Ball, location: 2F 0-2: Strikes out looking
|
| Top of the 3rd over - 0 runs, 0 hits, 0 errors, 0 left on base; Midland 0 - Chattanooga 0 |
| BOTTOM OF THE 3RD |
|
Chattanooga Lookouts batting - Pitching for Midland RockHounds : LHP Katsumi Takaki
|
|
Batting: RHB Nick Phipps
|
0-0: Ball 1-0: Ground out 5-3 (Groundball, 56S, EV 85.6 MPH)
|
|
Batting: LHB David Campbell
|
0-0: Called Strike 0-1: Ground out 5-3 (Groundball, 56S, EV 88.8 MPH)
|
|
Batting: RHB Jose Gracia
|
0-0: Ball 1-0: Ground out 6-3 (Groundball, 6M, EV 83.8 MPH)
|
| Bottom of the 3rd over - 0 runs, 0 hits, 0 errors, 0 left on base; Midland 0 - Chattanooga 0 |
| TOP OF THE 4TH |
|
Midland RockHounds batting - Pitching for Chattanooga Lookouts : RHP Tim Weller
|
|
Batting: RHB Tony Crespo
|
0-0: SINGLE (Flyball, 34D, EV 85.0 MPH)
|
|
Batting: RHB Jonathan Gallup
|
0-0: Called Strike 0-1: Ball Wild Pitch! Tony Crespo to second 1-1: Swinging Strike 1-2: Ball 2-2: Fly out, F7 (Flyball, 78M, EV 88.8 MPH)
|
|
Batting: LHB Tom Raupp
|
0-0: Fly out, F6 (Popup, 6MS, EV 77.5 MPH)
|
|
Batting: RHB Travis Robinson
|
0-0: Called Strike 0-1: Foul Ball, location: 2F 0-2: Foul Ball, location: 2F 0-2: Ball 1-2: Foul Ball, location: 2F 1-2: Ball 2-2: Ball 3-2: Ground out 1-3 (Groundball, 15S, EV 66.9 MPH)
|
| Top of the 4th over - 0 runs, 1 hit, 0 errors, 1 left on base; Midland 0 - Chattanooga 0 |
| BOTTOM OF THE 4TH |
|
Chattanooga Lookouts batting - Pitching for Midland RockHounds : LHP Katsumi Takaki
|
|
Batting: LHB Harris Vink
|
0-0: Ball 1-0: Called Strike 1-1: Ball 2-1: Foul Ball, location: 2F 2-2: Foul Ball, location: 2F 2-2: Foul Ball, location: 2F 2-2: Fly out, F8 (Flyball, 78M, EV 83.8 MPH)
|
|
Batting: SHB Matt Urbani
|
0-0: Ball 1-0: Foul Ball, location: 2F 1-1: Foul Ball, location: 2F 1-2: Foul Ball, location: 2F 1-2: Ground out 6-3 (Groundball, 6, EV 87.5 MPH)
|
|
Batting: LHB Marshall Daul
|
0-0: Swinging Strike 0-1: Foul Ball, location: 2F 0-2: Strikes out looking
|
| Bottom of the 4th over - 0 runs, 0 hits, 0 errors, 0 left on base; Midland 0 - Chattanooga 0 |
| TOP OF THE 5TH |
|
Midland RockHounds batting - Pitching for Chattanooga Lookouts : RHP Tim Weller
|
|
Batting: RHB Matt Sherard
|
0-0: Called Strike 0-1: Foul Ball, location: 2F 0-2: Ball 1-2: Foul Ball, location: 2F 1-2: Foul Ball, location: 2F 1-2: Strikes out swinging
|
|
Batting: RHB Micah Roth
|
0-0: Swinging Strike 0-1: Ball 1-1: Ball 2-1: Foul Ball, location: 2F 2-2: Strikes out swinging
|
|
Batting: RHB Manny Moron
|
0-0: Called Strike 0-1: Foul Ball, location: 2F 0-2: Strikes out looking
|
| Top of the 5th over - 0 runs, 0 hits, 0 errors, 0 left on base; Midland 0 - Chattanooga 0 |
| BOTTOM OF THE 5TH |
|
Chattanooga Lookouts batting - Pitching for Midland RockHounds : LHP Katsumi Takaki
|
|
Batting: RHB Michael McDonald
|
0-0: Called Strike 0-1: Foul Ball, location: 2F 0-2: Strikes out swinging
|
|
Batting: LHB Jon Ventura
|
0-0: Called Strike 0-1: Ball 1-1: Swinging Strike 1-2: Ball 2-2: Foul Ball, location: 2F 2-2: Ball 3-2: Strikes out swinging
|
|
Batting: RHB John Dew
|
0-0: Ball 1-0: Foul Ball, location: 2F 1-1: Called Strike 1-2: Ball 2-2: Ground out 6-3 (Groundball, 6, EV 98.1 MPH)
|
| Bottom of the 5th over - 0 runs, 0 hits, 0 errors, 0 left on base; Midland 0 - Chattanooga 0 |
| TOP OF THE 6TH |
|
Midland RockHounds batting - Pitching for Chattanooga Lookouts : RHP Tim Weller
|
|
Batting: RHB Gojko Golob
|
0-0: Called Strike 0-1: DOUBLE (Groundball, 5L, EV 102.5 MPH)
|
|
Batting: RHB Moses Brokken
|
0-0: Ball 1-0: Ground out 4-3 (Groundball, 4, EV 105.0 MPH) Gojko Golob to third
|
|
Batting: RHB Tony Crespo
|
0-0: Ball 1-0: Foul Ball, location: 2F 1-1: Ball 2-1: Foul Ball, location: 2F 2-2: Strikes out looking
|
|
Batting: RHB Jonathan Gallup
|
0-0: Foul Ball, location: 2F 0-1: Ball 1-1: Fly out, F7 (Flyball, 7S, EV 85.6 MPH)
|
| Top of the 6th over - 0 runs, 1 hit, 0 errors, 1 left on base; Midland 0 - Chattanooga 0 |
| BOTTOM OF THE 6TH |
|
Chattanooga Lookouts batting - Pitching for Midland RockHounds : LHP Katsumi Takaki
|
|
Batting: RHB Nick Phipps
|
0-0: Ball 1-0: Swinging Strike 1-1: Ball 2-1: Ball 3-1: SINGLE (Groundball, 25, EV 65.0 MPH) (infield hit)
|
|
Batting: LHB David Campbell
|
0-0: Called Strike 0-1: Ball 1-1: Ball 2-1: Grounds into double play, 2-4-3 (Groundball, 2L, EV 67.5 MPH)
|
|
Batting: RHB Jose Gracia
|
0-0: Ball 1-0: SINGLE (Line Drive, 78S, EV 111.2 MPH)
|
|
Batting: LHB Harris Vink
|
0-0: Foul Ball, location: 2F 0-1: Foul Ball, location: 2F 0-2: Ball 1-2: Fly out, F8 (Flyball, 8RD, EV 102.5 MPH)
|
| Bottom of the 6th over - 0 runs, 2 hits, 0 errors, 1 left on base; Midland 0 - Chattanooga 0 |
| TOP OF THE 7TH |
|
Midland RockHounds batting - Pitching for Chattanooga Lookouts : RHP Tim Weller
|
|
Batting: LHB Tom Raupp
|
0-0: Foul Ball, location: 2F 0-1: Called Strike 0-2: Foul Ball, location: 2F 0-2: SINGLE (Groundball, 34D, EV 95.6 MPH)
|
|
Batting: RHB Travis Robinson
|
0-0: Ball 1-0: Ball 2-0: Swinging Strike 2-1: Foul Ball, location: 2F 2-2: Ball 3-2: Grounds into double play, 6-4-3 (Groundball, 6, EV 78.8 MPH)
|
|
Batting: RHB Matt Sherard
|
0-0: Called Strike 0-1: Swinging Strike 0-2: Foul Ball, location: 2F 0-2: Foul Ball, location: 2F 0-2: Ball 1-2: Strikes out swinging
|
| Top of the 7th over - 0 runs, 1 hit, 0 errors, 0 left on base; Midland 0 - Chattanooga 0 |
| BOTTOM OF THE 7TH |
|
Chattanooga Lookouts batting - Pitching for Midland RockHounds : LHP Katsumi Takaki
|
|
Batting: SHB Matt Urbani
|
0-0: Called Strike 0-1: Ball 1-1: Ball 2-1: Foul Ball, location: 2F 2-2: Foul Ball, location: 2F 2-2: Hit by Pitch
|
|
Batting: LHB Marshall Daul
|
0-0: Ball 1-0: Ball 2-0: Called Strike 2-1: Fielders Choice at 2nd, 4-6 (Groundball, 4M, EV 96.9 MPH)
|
|
Batting: RHB Michael McDonald
|
0-0: Ball 1-0: Ball 2-0: Foul Ball, location: 2F 2-1: Called Strike Marshall Daul is caught stealing 2nd base 2-4 2-2: Foul Ball, location: 2F 2-2: Ball 3-2: Ground out 6-3 (Groundball, 6MS, EV 90.6 MPH)
|
| Bottom of the 7th over - 0 runs, 0 hits, 0 errors, 0 left on base; Midland 0 - Chattanooga 0 |
| TOP OF THE 8TH |
|
Midland RockHounds batting - Pitching for Chattanooga Lookouts : RHP Tim Weller
|
|
Batting: RHB Micah Roth
|
0-0: Called Strike 0-1: Ball 1-1: Foul Ball, location: 2F 1-2: Foul Ball, location: 2F 1-2: Strikes out looking
|
|
Pinch Hitting: LHB Nick Pacheco
|
0-0: Ball 1-0: Ball 2-0: Foul Ball, location: 2F 2-1: Fly out, F7 (Flyball, 7, EV 88.1 MPH)
|
|
Batting: RHB Gojko Golob
|
0-0: Swinging Strike 0-1: Ball 1-1: Ball 2-1: Ball 3-1: Foul Ball, location: 2F 3-2: Strikes out swinging
|
| Top of the 8th over - 0 runs, 0 hits, 0 errors, 0 left on base; Midland 0 - Chattanooga 0 |
| BOTTOM OF THE 8TH |
|
Chattanooga Lookouts batting - Pitching for Midland RockHounds : LHP Katsumi Takaki
|
|
Now at SS: Jose Mojica
|
|
|
Batting: LHB Jon Ventura
|
0-0: Ball 1-0: Ball 2-0: Foul Ball, location: 2F 2-1: Fly out, F7 (Flyball, 78D, EV 88.8 MPH)
|
|
Batting: RHB John Dew
|
0-0: Foul Ball, location: 2F 0-1: Ball 1-1: Ball 2-1: Foul Ball, location: 2F 2-2: Foul Ball, location: 2F 2-2: DOUBLE (Line Drive, 89D, EV 115.0 MPH)
|
|
Batting: RHB Nick Phipps
|
0-0: Called Strike 0-1: Ball 1-1: Called Strike 1-2: Foul Ball, location: 2F 1-2: Ball 2-2: Foul Ball, location: 2F 2-2: SINGLE (Groundball, 6MD, EV 101.9 MPH) John Dew to third
|
|
Batting: LHB David Campbell
|
0-0: Ball 1-0: Called Strike Nick Phipps steals 2nd base 1-1: Ball 2-1: Ball 3-1: Called Strike 3-2: Strikes out swinging
|
|
Batting: RHB Jose Gracia
|
0-0: Ball 1-0: Called Strike 1-1: SINGLE (Line Drive, 89M, EV 103.8 MPH) John Dew scores Nick Phipps to third Runner from 3rd tries for Home, SAFE, throw by CF to home
|
|
Pitching: LHP Kevin Barteaux
|
|
|
Batting: LHB Harris Vink
|
0-0: Ball Wild Pitch! Jose Gracia to second 1-0: Ball 2-0: Ball 3-0: Base on Balls
|
|
Batting: SHB Matt Urbani
|
0-0: Swinging Strike 0-1: Fly out, F6 (Popup, P, EV 78.1 MPH)
|
| Bottom of the 8th over - 2 runs, 3 hits, 0 errors, 2 left on base; Midland 0 - Chattanooga 2 |
| TOP OF THE 9TH |
|
Midland RockHounds batting - Pitching for Chattanooga Lookouts : RHP Tim Weller
|
|
Pitching: LHP Bobby Molina
|
|
|
Now in LF: Marshall Daul
|
|
|
Now in CF: Israel Montoya
|
|
|
Batting: RHB Moses Brokken
|
0-0: Called Strike 0-1: Fly out, F9 (Flyball, 9LM, EV 90.0 MPH)
|
|
Batting: RHB Tony Crespo
|
0-0: Foul Ball, location: 2F 0-1: Swinging Strike 0-2: Foul Ball, location: 2F 0-2: Strikes out swinging
|
|
Batting: RHB Jonathan Gallup
|
0-0: Ball 1-0: Called Strike 1-1: Ball 2-1: Foul Ball, location: 2F 2-2: Strikes out looking
|
| Top of the 9th over - 0 runs, 0 hits, 0 errors, 0 left on base; Midland 0 - Chattanooga 2 |
|